| TOP OF THE 1ST |
|
Trois-Riveres Aigles batting - Pitching for York Revolution : RHP Jordan Lopez
|
|
Pitching: RHP Jordan Lopez
|
|
|
Batting: RHB Luis Jara
|
0-0: Called Strike 0-1: Bunt missed! 0-2: Ball 1-2: Ball 2-2: Foul Ball, location: 2F 2-2: Ball 3-2: Fly out, F8 (Flyball, 8LD, EV 85.6 MPH)
|
|
Batting: RHB Micah Logan
|
0-0: Ball 1-0: Ball 2-0: Called Strike 2-1: SOLO HOME RUN (Flyball, 78XD, EV 99.4 MPH), Distance : 395 ft
|
|
Batting: SHB Derek Weaver
|
0-0: Ball 1-0: Ball 2-0: Swinging Strike 2-1: Foul Ball, location: 2F 2-2: Ball 3-2: Strikes out swinging
|
|
Batting: RHB Sandoval Serzedelo
|
0-0: Called Strike 0-1: Ball 1-1: Ball 2-1: Swinging Strike 2-2: Ball 3-2: Strikes out swinging
|
| Top of the 1st over - 1 run, 1 hit, 0 errors, 0 left on base; Trois-Riveres 1 - York 0 |
| BOTTOM OF THE 1ST |
|
York Revolution batting - Pitching for Trois-Riveres Aigles : LHP Jordan Robinson
|
|
Pitching: LHP Jordan Robinson
|
|
|
Batting: LHB Bryant Dill
|
0-0: Ball 1-0: Foul Ball, location: 2F 1-1: SOLO HOME RUN (Flyball, 89XD, EV 96.9 MPH), Distance : 383 ft
|
|
Batting: RHB Teh-huai Jiang
|
0-0: Ball 1-0: Ball 2-0: Ball 3-0: Base on Balls
|
|
Batting: RHB Eddie Serna
|
0-0: Ball 1-0: Fly out, F4 (Popup, 34S, EV 80.6 MPH)
|
|
Batting: RHB Frank Ramirez
|
0-0: Swinging Strike 0-1: Called Strike 0-2: Hit by Pitch Teh-huai Jiang to second
|
|
Batting: RHB Dan Shaffer
|
0-0: Ball 1-0: Called Strike 1-1: Called Strike 1-2: Strikes out swinging
|
|
Batting: LHB Jason Duda
|
0-0: Called Strike 0-1: Called Strike 0-2: Fly out, F8 (Flyball, 8LD, EV 98.1 MPH)
|
| Bottom of the 1st over - 1 run, 1 hit, 0 errors, 2 left on base; Trois-Riveres 1 - York 1 |
| TOP OF THE 2ND |
|
Trois-Riveres Aigles batting - Pitching for York Revolution : RHP Jordan Lopez
|
|
Batting: RHB Alistair Holmes
|
0-0: Ball 1-0: Foul Ball, location: 2F 1-1: Foul Ball, location: 2F 1-2: Strikes out swinging
|
|
Batting: RHB Tony Bonilla
|
0-0: Ball 1-0: Fly out, F4 (Popup, 3D, EV 58.1 MPH)
|
|
Batting: RHB Willie Acevedo
|
0-0: Foul Ball, location: 2F 0-1: Ball 1-1: Ball 2-1: Ball 3-1: Base on Balls
|
|
Batting: RHB George Connell
|
0-0: Ball 1-0: Ball 2-0: Called Strike 2-1: Called Strike 2-2: Strikes out looking
|
| Top of the 2nd over - 0 runs, 0 hits, 0 errors, 1 left on base; Trois-Riveres 1 - York 1 |
| BOTTOM OF THE 2ND |
|
York Revolution batting - Pitching for Trois-Riveres Aigles : LHP Jordan Robinson
|
|
Batting: LHB Jessie Whedbee
|
0-0: Ball 1-0: Called Strike 1-1: Fly out, F6 (Popup, 6MS, EV 79.4 MPH)
|
|
Batting: LHB Dennis French
|
0-0: Ball 1-0: Ball 2-0: Ball 3-0: Base on Balls
|
|
Batting: LHB Quincy Smart
|
0-0: Foul Ball, location: 2F 0-1: Ground out 4-3 (Groundball, 4S, EV 64.4 MPH) Dennis French to second
|
|
Batting: LHB Bryant Dill
|
0-0: Fly out, F7 (Flyball, 78M, EV 89.4 MPH)
|
| Bottom of the 2nd over - 0 runs, 0 hits, 0 errors, 1 left on base; Trois-Riveres 1 - York 1 |
| TOP OF THE 3RD |
|
Trois-Riveres Aigles batting - Pitching for York Revolution : RHP Jordan Lopez
|
|
Batting: RHB Danny Mota
|
0-0: Called Strike 0-1: Called Strike 0-2: Ball 1-2: Foul Ball, location: 2F 1-2: Strikes out swinging
|
|
Batting: RHB Luis Jara
|
0-0: SINGLE (Groundball, 6MD, EV 100.0 MPH)
|
|
Batting: RHB Micah Logan
|
0-0: Ball 1-0: Foul Ball, location: 2F 1-1: Grounds into double play, 5-4-3 (Groundball, 5L, EV 100.6 MPH)
|
| Top of the 3rd over - 0 runs, 1 hit, 0 errors, 0 left on base; Trois-Riveres 1 - York 1 |
| BOTTOM OF THE 3RD |
|
York Revolution batting - Pitching for Trois-Riveres Aigles : LHP Jordan Robinson
|
|
Batting: RHB Teh-huai Jiang
|
0-0: Ball 1-0: Called Strike 1-1: Ball 2-1: Fly out, F8 (Flyball, 8RM, EV 83.8 MPH)
|
|
Batting: RHB Eddie Serna
|
0-0: Ball 1-0: Foul Ball, location: 2F 1-1: Foul Ball, location: 2F 1-2: Ball 2-2: SINGLE (Line Drive, 5D, EV 105.0 MPH)
|
|
Batting: RHB Frank Ramirez
|
0-0: Ball 1-0: Called Strike 1-1: Ball 2-1: Fielders Choice at 2nd, 5-4 (Groundball, 56, EV 86.2 MPH)
|
|
Batting: RHB Dan Shaffer
|
0-0: Called Strike 0-1: Called Strike 0-2: Strikes out swinging
|
| Bottom of the 3rd over - 0 runs, 1 hit, 0 errors, 1 left on base; Trois-Riveres 1 - York 1 |
| TOP OF THE 4TH |
|
Trois-Riveres Aigles batting - Pitching for York Revolution : RHP Jordan Lopez
|
|
Batting: SHB Derek Weaver
|
0-0: Ball 1-0: Foul Ball, location: 2F 1-1: Ball 2-1: Swinging Strike 2-2: Ball 3-2: Strikes out swinging
|
|
Batting: RHB Sandoval Serzedelo
|
0-0: Foul Ball, location: 2F 0-1: Ball 1-1: Fly out, F9 (Flyball, 89S, EV 85.6 MPH)
|
|
Batting: RHB Alistair Holmes
|
0-0: Called Strike 0-1: SOLO HOME RUN (Flyball, 7D, EV 96.9 MPH), Distance : 370 ft
|
|
Batting: RHB Tony Bonilla
|
0-0: Ball 1-0: Ball 2-0: Swinging Strike 2-1: Foul Ball, location: 2F 2-2: Strikes out looking
|
| Top of the 4th over - 1 run, 1 hit, 0 errors, 0 left on base; Trois-Riveres 2 - York 1 |
| BOTTOM OF THE 4TH |
|
York Revolution batting - Pitching for Trois-Riveres Aigles : LHP Jordan Robinson
|
|
Batting: LHB Jason Duda
|
0-0: Called Strike 0-1: Ball 1-1: Ball 2-1: SOLO HOME RUN (Flyball, 9D, EV 93.1 MPH), Distance : 352 ft
|
|
Batting: LHB Jessie Whedbee
|
0-0: Ball 1-0: Foul Ball, location: 2F 1-1: Ball 2-1: Called Strike 2-2: Foul Ball, location: 2F 2-2: Foul Ball, location: 2F 2-2: Ball 3-2: Fly out, F8 (Flyball, 8LD, EV 97.5 MPH)
|
|
Batting: LHB Dennis French
|
0-0: Called Strike 0-1: Ball 1-1: Called Strike 1-2: Ball 2-2: Foul Ball, location: 2F 2-2: Foul Ball, location: 2F 2-2: Fly out, F8 (Flyball, 8LD, EV 95.6 MPH)
|
|
Batting: LHB Quincy Smart
|
0-0: Ball 1-0: Swinging Strike 1-1: Ball 2-1: Swinging Strike 2-2: Strikes out swinging
|
| Bottom of the 4th over - 1 run, 1 hit, 0 errors, 0 left on base; Trois-Riveres 2 - York 2 |
| TOP OF THE 5TH |
|
Trois-Riveres Aigles batting - Pitching for York Revolution : RHP Jordan Lopez
|
|
Batting: RHB Willie Acevedo
|
0-0: Foul Ball, location: 2F 0-1: Ball 1-1: Ball 2-1: Swinging Strike 2-2: Fly out, F7 (Flyball, 7LM, EV 85.6 MPH)
|
|
Batting: RHB George Connell
|
0-0: Ball 1-0: Called Strike 1-1: Called Strike 1-2: Ball 2-2: Strikes out swinging
|
|
Batting: RHB Danny Mota
|
0-0: Ball 1-0: Ball 2-0: Ball 3-0: Base on Balls
|
|
Batting: RHB Luis Jara
|
0-0: Swinging Strike 0-1: Foul Ball, location: 2F 0-2: Ball 1-2: SINGLE (Flyball, 34D, EV 90.0 MPH) Danny Mota to second Runner from 2nd tries for 3rd, SAFE, throw by RF made to third
|
|
Pitching: RHP Robert Mccabe
|
|
|
Batting: RHB Micah Logan
|
0-0: Called Strike Luis Jara is caught stealing 2nd base 2-4
|
| Top of the 5th over - 0 runs, 1 hit, 0 errors, 1 left on base; Trois-Riveres 2 - York 2 |
| BOTTOM OF THE 5TH |
|
York Revolution batting - Pitching for Trois-Riveres Aigles : LHP Jordan Robinson
|
|
Batting: LHB Bryant Dill
|
0-0: SINGLE (Line Drive, 34D, EV 97.5 MPH)
|
|
Batting: RHB Teh-huai Jiang
|
0-0: Called Strike 0-1: Ball Bryant Dill is caught stealing 2nd base 2-4 1-1: Ball 2-1: Called Strike 2-2: Ball 3-2: Foul Ball, location: 2F 3-2: Base on Balls
|
|
Batting: RHB Eddie Serna
|
0-0: Ball 1-0: Ball 2-0: Foul Ball, location: 2F 2-1: Fly out, F7 (Flyball, 7S, EV 79.4 MPH)
|
|
Batting: RHB Frank Ramirez
|
0-0: Ball 1-0: Ball Wild Pitch! Teh-huai Jiang to second 2-0: Ball 3-0: Called Strike 3-1: Base on Balls
|
|
Batting: RHB Dan Shaffer
|
0-0: Called Strike 0-1: SINGLE (Line Drive, 6D, EV 100.6 MPH) Teh-huai Jiang to third Frank Ramirez to second Runner from 3rd tries for Home, SAFE, throw by CF to home
|
|
Batting: LHB Jason Duda
|
0-0: Ball 1-0: Ball 2-0: Called Strike 2-1: Ball 3-1: Swinging Strike 3-2: Base on Balls Frank Ramirez to third Dan Shaffer to second
|
|
Batting: LHB Jessie Whedbee
|
0-0: Ball 1-0: SINGLE (Groundball, 6MD, EV 96.2 MPH) Frank Ramirez scores Dan Shaffer to third Jason Duda to second Runner from 3rd tries for Home, SAFE, throw by CF to home
|
|
Batting: LHB Dennis French
|
0-0: Called Strike 0-1: Foul Ball, location: 2F 0-2: Strikes out swinging
|
| Bottom of the 5th over - 3 runs, 3 hits, 0 errors, 2 left on base; Trois-Riveres 2 - York 5 |
| TOP OF THE 6TH |
|
Trois-Riveres Aigles batting - Pitching for York Revolution : RHP Robert Mccabe
|
|
Batting: RHB Micah Logan
|
0-0: Ball 1-0: Foul Ball, location: 2F 1-1: SINGLE (Flyball, 89S, EV 86.2 MPH)
|
|
Batting: SHB Derek Weaver
|
0-0: Called Strike 0-1: Ball 1-1: Called Strike 1-2: Strikes out looking
|
|
Batting: RHB Sandoval Serzedelo
|
0-0: Fielders Choice at 2nd, 3-6 (Groundball, 3, EV 89.4 MPH)
|
|
Batting: RHB Alistair Holmes
|
0-0: Ball 1-0: Fly out, F8 (Flyball, 8LD, EV 92.5 MPH)
|
| Top of the 6th over - 0 runs, 1 hit, 0 errors, 1 left on base; Trois-Riveres 2 - York 5 |
| BOTTOM OF THE 6TH |
|
York Revolution batting - Pitching for Trois-Riveres Aigles : LHP Jordan Robinson
|
|
Batting: LHB Quincy Smart
|
0-0: Ball 1-0: Called Strike 1-1: Called Strike 1-2: Ball 2-2: Fly out, F7 (Flyball, 7D, EV 88.1 MPH)
|
|
Batting: LHB Bryant Dill
|
0-0: Called Strike 0-1: Ball 1-1: Called Strike 1-2: Ball 2-2: Strikes out looking
|
|
Batting: RHB Teh-huai Jiang
|
0-0: Foul Ball, location: 2F 0-1: Ball 1-1: Foul Ball, location: 2F 1-2: Foul Ball, location: 2F 1-2: Fly out, F9 (Flyball, 89S, EV 82.5 MPH)
|
| Bottom of the 6th over - 0 runs, 0 hits, 0 errors, 0 left on base; Trois-Riveres 2 - York 5 |
| TOP OF THE 7TH |
|
Trois-Riveres Aigles batting - Pitching for York Revolution : RHP Robert Mccabe
|
|
Batting: RHB Tony Bonilla
|
0-0: Reached on error, E4 (Groundball, 34, EV 98.8 MPH)
|
|
Batting: RHB Willie Acevedo
|
0-0: Called Strike Tony Bonilla steals 2nd base 0-1: Fly out, F7 (Flyball, 78M, EV 92.5 MPH)
|
|
Batting: RHB George Connell
|
0-0: Ball 1-0: SINGLE (Line Drive, 78S, EV 86.2 MPH) Tony Bonilla to third
|
|
Batting: RHB Danny Mota
|
0-0: Swinging Strike 0-1: Foul Ball, location: 2F 0-2: Ball 1-2: Ball 2-2: Strikes out swinging
|
|
Pinch Hitting: LHB Jonathan Watt
|
0-0: Called Strike 0-1: Foul Ball, location: 2F 0-2: Ball 1-2: Ball 2-2: Foul Ball, location: 2F 2-2: SINGLE (Line Drive, 34D, EV 102.5 MPH) Tony Bonilla scores George Connell to second
|
|
Pinch Hitting: LHB Ian Cranton
|
0-0: Ball 1-0: Ball 2-0: Foul Ball, location: 2F 2-1: Foul Ball, location: 2F 2-2: Ball 3-2: Base on Balls George Connell to third Jonathan Watt to second
|
|
Pinch Hitting: RHB Toshikatsu Omori
|
0-0: Ball 1-0: Foul Ball, location: 2F 1-1: Foul Ball, location: 2F 1-2: Ground out 1-3 (Groundball, 15S, EV 68.8 MPH)
|
| Top of the 7th over - 1 run, 2 hits, 1 error, 3 left on base; Trois-Riveres 3 - York 5 |
| BOTTOM OF THE 7TH |
|
York Revolution batting - Pitching for Trois-Riveres Aigles : LHP Jordan Robinson
|
|
Pitching: RHP Josh Carey
|
|
|
Now at 1B: Ian Cranton
|
|
|
Now at SS: Toshikatsu Omori
|
|
|
Now in LF: Tony Bonilla
|
|
|
Now in CF: Gilbert Hoareau
|
|
|
Batting: RHB Eddie Serna
|
0-0: Ball 1-0: Fly out, F8 (Flyball, 78M, EV 88.8 MPH)
|
|
Batting: RHB Frank Ramirez
|
0-0: SOLO HOME RUN (Flyball, 7D, EV 98.1 MPH), Distance : 379 ft
|
|
Batting: RHB Dan Shaffer
|
0-0: Ball 1-0: Called Strike 1-1: Called Strike 1-2: Ball 2-2: Ball 3-2: Base on Balls
|
|
Pitching: RHP Vince Martinez
|
|
|
Batting: LHB Jason Duda
|
0-0: Ball 1-0: Called Strike 1-1: Ball 2-1: Swinging Strike 2-2: Strikes out swinging
|
|
Batting: LHB Jessie Whedbee
|
0-0: Foul Ball, location: 2F 0-1: Foul Ball, location: 2F 0-2: Ball 1-2: Ball 2-2: Foul Ball, location: 2F 2-2: Foul Ball, location: 2F 2-2: Ball 3-2: Foul Ball, location: 2F 3-2: Ground out 5-3 (Groundball, 56S, EV 76.9 MPH)
|
| Bottom of the 7th over - 1 run, 1 hit, 0 errors, 1 left on base; Trois-Riveres 3 - York 6 |
| TOP OF THE 8TH |
|
Trois-Riveres Aigles batting - Pitching for York Revolution : RHP Robert Mccabe
|
|
Pinch Hitting: SHB Dan Trainer
|
0-0: Ball 1-0: Swinging Strike 1-1: Ball 2-1: Called Strike 2-2: Ball 3-2: Fly out, F8 (Flyball, 8RXD, EV 88.8 MPH)
|
|
Pinch Hitting: RHB Gabe Wilcoxon
|
0-0: Foul Ball, location: 2F 0-1: Ball 1-1: Swinging Strike 1-2: Ball 2-2: Ground out 4-3 (Groundball, 4M, EV 80.6 MPH)
|
|
Pinch Hitting: RHB Joel Wittmier
|
0-0: Ball 1-0: Ball 2-0: Ball 3-0: Called Strike 3-1: Foul Ball, location: 2F 3-2: Foul Ball, location: 2F 3-2: Fly out, F8 (Flyball, 8LD, EV 76.2 MPH)
|
| Top of the 8th over - 0 runs, 0 hits, 0 errors, 0 left on base; Trois-Riveres 3 - York 6 |
| BOTTOM OF THE 8TH |
|
York Revolution batting - Pitching for Trois-Riveres Aigles : RHP Vince Martinez
|
|
Now at 2B: Dan Trainer
|
|
|
Now in LF: Jeff Standridge
|
|
|
Now in RF: Gabe Wilcoxon
|
|
|
Batting: LHB Dennis French
|
0-0: Ball 1-0: Called Strike 1-1: Called Strike 1-2: Ball 2-2: SOLO HOME RUN (Flyball, 7D, EV 96.2 MPH), Distance : 367 ft
|
|
Batting: LHB Quincy Smart
|
0-0: Called Strike 0-1: Ball 1-1: Called Strike 1-2: Foul Ball, location: 2F 1-2: Ball 2-2: Ground out U3 (Groundball, 3L, EV 85.6 MPH)
|
|
Batting: LHB Bryant Dill
|
0-0: Ball 1-0: Fly out, F7 (Flyball, 7, EV 78.1 MPH)
|
|
Batting: RHB Teh-huai Jiang
|
0-0: Called Strike 0-1: SINGLE (Line Drive, 6MD, EV 99.4 MPH)
|
|
Batting: RHB Eddie Serna
|
0-0: Called Strike 0-1: SINGLE (Line Drive, 78S, EV 107.5 MPH) Teh-huai Jiang to second
|
|
Batting: RHB Frank Ramirez
|
0-0: Ground out 4-3 (Groundball, 4, EV 84.4 MPH)
|
| Bottom of the 8th over - 1 run, 3 hits, 0 errors, 2 left on base; Trois-Riveres 3 - York 7 |
| TOP OF THE 9TH |
|
Trois-Riveres Aigles batting - Pitching for York Revolution : RHP Robert Mccabe
|
|
Pinch Hitting: RHB Roy Johnson
|
0-0: Ball 1-0: Foul Ball, location: 2F 1-1: Called Strike 1-2: SOLO HOME RUN (Flyball, 78XD, EV 98.1 MPH), Distance : 391 ft
|
|
Pitching: RHP RĂ¼diger Stritter
|
|
|
Batting: RHB George Connell
|
0-0: Called Strike 0-1: Ball 1-1: Called Strike 1-2: Strikes out looking
|
|
Batting: RHB Danny Mota
|
0-0: Foul Ball, location: 2F 0-1: Ball 1-1: Called Strike 1-2: Ball 2-2: SINGLE (Groundball, 34D, EV 95.0 MPH)
|
|
Pinch Hitting: RHB Christopher Arnett
|
0-0: Ball 1-0: Called Strike 1-1: Ball 2-1: Foul Ball, location: 2F 2-2: Fly out, F4 (Line Drive, 4, EV 73.1 MPH)
|
|
Batting: LHB Ian Cranton
|
0-0: Called Strike 0-1: Foul Ball, location: 2F 0-2: Strikes out swinging
|
| Top of the 9th over - 1 run, 2 hits, 0 errors, 1 left on base; Trois-Riveres 4 - York 7 |
|